 Dungeon Crawl Stone Soup version 0.28.0-53-g5a82cb258f (webtiles) character file.

Game seed: 14441642911789443530

41 Descartes the Chucker (level 3, -7/19 HPs)
             Began as a Deep Elf Wanderer on July 21, 2022.
             Mangled by a gnoll
             ... wielding a +0 halberd
              (10 damage)
             ... on level 2 of the Dungeon.
             The game lasted 00:03:11 (1900 turns).

Descartes the Chucker (Deep Elf Wanderer)           Turns: 1900, Time: 00:03:12

Health: -7/19      AC:  3    Str:  8    XL:     3   Next: 32%
Magic:  6/10       EV: 12    Int: 16    God:
Gold:   71         SH:  0    Dex: 17    Spells: 8/9 levels left

rFire   . . .      SeeInvis .   a - +0 dagger (vorpal)
rCold   . . .      Faith    .   (no shield)
rNeg    . . .      Spirit   .   d - +0 robe
rPois   .          Reflect  .   (no helmet)
rElec   .          Harm     .   (no cloak)
rCorr   .          Rampage  .   (no gloves)
Will    .....                   c - +0 pair of boots
Stlth   ++........              (no amulet)
HPRegen 0.06/turn               (no ring)
MPRegen 0.12/turn               (no ring)

@: very slightly contaminated
A: no striking features
a: no special abilities


You were on level 2 of the Dungeon.
You visited 1 branch of the dungeon, and saw 2 of its levels.

You collected 71 gold pieces.

Inventory:

Hand Weapons
 a - a +0 vorpal dagger (weapon)
Missiles
 b - 4 curare-tipped darts (quivered)
 f - 18 stones
Armour
 c - a +0 pair of boots (worn)
 d - a +0 robe (worn)
Potions
 e - a potion of cancellation {unknown}
 g - a potion of curing {unknown}
 h - a potion of might {unknown}


   Skills:
 - Level 5.0 Throwing
 + Level 1.4 Dodging
 + Level 2.1 Stealth
 + Level 3.5 Spellcasting
 + Level 1.2 Conjurations
 + Level 2.7 Fire Magic


You had 8 spell levels left.
You knew the following spells:

 Your Spells              Type           Power      Damage    Failure   Level
a - Foxfire               Conj/Fire      36%        2x1d5     8%          1

Your spell library contained the following spells:

 Spells                   Type           Power      Damage    Failure   Level
 Conjure Flame            Conj/Fire      9%         6-21      24%         3
 Tukima's Dance           Hex            2%         N/A       47%         3
 Passage of Golubria      Tloc           2%         N/A       87%         4
 Yara's Violent Unravell  Hex/Tmut       1%         3d3       99%         5
 Malign Gateway           Summ/Tloc      1%         N/A       100%        7
 Summon Horrible Things   Summ           1%         N/A       100%        8


Dungeon Overview and Level Annotations

Branches:
Dungeon (2/15)

Altars:


Message History

You see here an adder skeleton.
Found a scroll labelled NUBUSH PIRPH.
There is an escape hatch in the ceiling here.
A mysterious force pulls you upwards. The hatch slams shut behind you.
Magic restored.
HP restored.
Done exploring.
There is an escape hatch in the floor here.
You slide downwards.
The hatch slams shut behind you. The gnoll misses you.
The gnoll hits you with a +0 halberd! The gnoll closely misses you.
The gnoll hits you from afar with a +0 spear.
The gnoll misses you.
Casting: Foxfire (safe; 8% risk of failure)
Confirm with . or Enter, or press ? or * to list all spells.
You conjure some foxfire!
The gnoll hits you from afar with a +0 halberd.
* * * LOW HITPOINT WARNING * * *
Casting: Foxfire (safe; 8% risk of failure)
Confirm with . or Enter, or press ? or * to list all spells.
You conjure some foxfire!
The foxfire hits the gnoll.
The gnoll is lightly wounded.
The foxfire hits the gnoll.
The gnoll is moderately wounded.
The gnoll closely misses you.
Casting: Foxfire (safe; 8% risk of failure)
Confirm with . or Enter, or press ? or * to list all spells.
You miscast Foxfire.
You are very lightly contaminated with residual magic.
Nothing appears to happen.
The foxfire hits the gnoll.
The gnoll is severely wounded.
The foxfire hits the gnoll.
The gnoll is moderately wounded.
The gnoll barely misses you.
Casting: Foxfire (safe; 8% risk of failure)
Confirm with . or Enter, or press ? or * to list all spells.
You conjure some foxfire!
The gnoll hits you from afar with a +0 halberd!
Ouch! That really hurt!
You die...

##.###.###.######...#
#. #.# #.#.# .. ..#
#...# #.# #..# #.###
.......## #g#
#.#.#.#.# ##g#
##.......## ##g.#
#..#.#.#..####.gv##
+.........+....@v.#
#.........####..ยง##
#.$.g...# ##..##
#.....# ##..# #.g.#
##.## ######g##
######>.# .......#
#..g....#
#####..######g#######
.........g.g..#....#


You could see 4 gnolls.

Vanquished Creatures
  An adder (D:2)
  A dart slug (D:1)
  5 endoplasms
  A giant cockroach (D:1)
  A hobgoblin (D:1)
  2 jackals (D:2)
  3 ball pythons
  3 frilled lizards (D:1)
  4 goblins (D:1)
  2 kobolds (D:1)
  6 rats (D:1)
29 creatures vanquished.

Vanquished Creatures (others)
  134 foxfires
134 creatures vanquished.

Grand Total: 163 creatures vanquished

Notes
Turn   | Place    | Note
-------+----------+-------------------------------------------
     0 | D:1      | Descartes the Deep Elf Wanderer began the quest for the
                  | Orb.
     0 | D:1      | Descartes set off with the following items: a +0 vorpal
                  | dagger, 4 curare-tipped darts, a +0 pair of boots, a +0
                  | robe; and the following spell memorised: Foxfire; and the
                  | following spells available to memorise: Conjure Flame
     0 | D:1      | Reached XP level 1. HP: 10/10 MP: 6/6
   148 | D:1      | Found a faded altar of an unknown god.
   292 | D:1      | Reached XP level 2. HP: 15/15 MP: 2/8
   606 | D:1      | Reached skill level 1 in Dodging
   824 | D:1      | Reached skill level 1 in Conjurations
  1401 | D:2      | Reached XP level 3. HP: 12/19 MP: 2/9
  1900 | D:2      | Mangled by a gnoll

Illustrated notes

Levels and vault maps discovered:
D:1:      heliophobic_arrival_enchanted_forest, layout_loops_ring,
          dreamdust_ecumenical_altar_statues
D:2:      layout_loops_corners, serial_co_window_serial, co_window_paths_a,
          co_window_paths_a, co_window_paths_a, co_window_cross_1,
          co_window_corner_a, co_window_of_opportunity_b, co_window_broadway_b,
          co_window_corner_b, co_window_of_opportunity_b, co_window_paths_c,
          co_window_4corner_b, co_window_sun, glass_columns_b, glass_columns_b,
          glass_columns_a

Skill      XL: |  1  2 |
---------------+-------+-----
Dodging        | 1 |  1.4
Conjurations   | 1 |  1.2
Stealth        | 2 |  2.1
Throwing       | |  5.0
Spellcasting   | |  3.5
Fire Magic     | |  2.7

Action                   || total
-------------------------++-------
Melee: Dagger            ||     1
 Cast: Foxfire           ||    93
Armor: Robe              ||     3
Dodge: Dodged            ||    16
